 Dungeon Crawl Stone Soup version 0.29-a0-925-g0a7a3d12f8 (webtiles) character file.

Game seed: 3179532860606372301

1094 kae the Insei (level 8, 0/60 HPs)
             Began as a Demonspawn Monk on July 29, 2022.
             Was an Initiate of Ru.
             Slain by Maggie
             ... wielding a +0 war axe
              (16 damage)
             ... on level 6 of the Dungeon.
             The game lasted 00:05:25 (8037 turns).

kae the Insei (Demonspawn Monk)                     Turns: 8037, Time: 00:05:25

Health: 0/60       AC:  4    Str: 13    XL:     8   Next: 9%
Magic:  0/11       EV: 13    Int: 14    God:    Ru [......]
Gold:   357        SH:  0    Dex: 17    Spells: 9/11 levels left

rFire   . . .      SeeInvis .     - Unarmed
rCold   . . .      Faith    .   (no shield)
rNeg    + . .      Spirit   .   a - +0 robe
rPois   .          Reflect  .   (no helmet)
rElec   .          Harm     +   m - +0 cloak of the Aged Visions {Harm Int+3}
rCorr   .          Rampage  .   (no gloves)
Will    .....                   d - +0 pair of boots
Stlth   ++........              A - amulet of the acrobat
HPRegen 0.20/turn               N - ring of positive energy
MPRegen 0.12/turn               (no ring)

@: mesmerised
A: hooves 1, demonic guardian 1, demonic magic 3
a: Renounce Religion, Sacrifice Durability, Sacrifice Artifice, Sacrifice
Nimbleness, Reject Sacrifices


You were on level 6 of the Dungeon.
You worshipped Ru.
Ru was noncommittal.
You visited 2 branches of the dungeon, and saw 7 of its levels.

You collected 357 gold pieces.


Innate Abilities, Weirdness & Mutations

You have large cloven feet.
A weak demonic guardian rushes to your aid.
Spells you cast and wands you use may paralyse nearby enemies.


   Skills:
 + Level 4.1 Fighting
 - Level 2.6 Dodging
 - Level 1.7 Stealth
 * Level 7.2 Unarmed Combat
 + Level 2.2 Spellcasting
 - Level 4.0 Fire Magic


You had 9 spell levels left.
You knew the following spells:

 Your Spells              Type           Power      Damage    Failure   Level
a - Scorch                Fire           24%        2d6       7%          2

Your spell library contained the following spells:

 Spells                   Type           Power      Damage    Failure   Level
 Freeze                   Ice            4%         1d3       24%         1
 Poisonous Vapours        Pois/Air       2%         N/A       34%         2
 Frozen Ramparts          Ice            2%         1d2       56%         3
 Flame Wave               Conj/Fire      7%         2d5       69%         4
 Corpse Rot               Necr/Pois/Air  1%         N/A       93%         4
 Hailstorm                Conj/Ice       1%         3d3       93%         4
 Summon Cactus Giant      Summ           0%         N/A       100%        6

Inventory:

Missiles
 c - 61 stones (quivered)
 e - 4 javelins
 f - 2 datura-tipped darts
 l - 18 poisoned darts
 p - 2 throwing nets {=f!f}
Armour
 a - a +0 robe (worn)
 d - a +0 pair of boots (worn)
   (You found it on level 1 of the Dungeon)
 k - a +2 ring mail of positive energy
   (You found it on level 4 of the Dungeon)
 m - the +0 cloak of the Aged Visions (worn) {Harm Int+3}
   (You found it on level 3 of the Dungeon)

   Int:       It affects your intelligence (+3).
   Harm:      It increases damage dealt and taken.
Jewellery
 A - an amulet of the acrobat (around neck)
   (You found it on level 1 of the Dungeon)
 N - a ring of positive energy (left hand)
   (You took it off a goblin on level 4 of the Dungeon)
Scrolls
 j - a scroll of teleportation {@r4}
 t - a scroll of magic mapping {!r}
Potions
 b - 2 potions of ambrosia
 g - 4 potions of curing {@q1}
 h - a potion of heal wounds {@q2}
 i - a potion of mutation {!q}
 q - a potion of haste {@q3}
 r - a potion of cancellation {unknown}

Dungeon Overview and Level Annotations

Branches:
Dungeon (6/15) Zot: 26460  Temple (1/1) D:4 Zot: 5894

Altars:
Ashenzari
Cheibriados
Dithmenos
Fedhas
Gozag
Hepliaklqana
Kikubaaqudgha
Makhleb
Nemelex Xobeh
Qazlal
Ru
Sif Muna
Uskayaw
Vehumet
Wu Jian

Annotations:
D:3 1 runed translucent door, Crazy Yiuf
D:6 Maggie

........##.#
...@....>#.#
.........#.# #########
###.####@#.# #.......#
#.# #.#.# #.#####.# #.#
#.#.###.# #.# #.#
#.#.....# #.#
###.####.###########§##
#...........°○.@@☼☼○○°#
#.........○○.##########
#........○...#
#............#
#............#
#............#
#............#
###.####.#.### #.#
#.#.#


You could see Maggie (mesmerising, combustible).


Message History

😱 HP[-10] MP[+2]
You take 10 damage, and now have 6/60 hp.
You regained 2 mp, and now have 10/11 mp.
You bump into the rock wall.
You feel less invigorated.
You feel less confused.
Maggie closely misses you. 😱 HP[+4] MP[+1]
You regained 4 hp, and now have 10/60 hp.
Your mp is fully restored (11).
You closely miss Maggie. Maggie closely misses you.
You feel much better.
Maggie points at you and mumbles some strange words.
The bolt of fire misses you. 😮 HP[+25]
You regained 25 hp, and now have 35/60 hp.
Casting: Scorch (safe; 7% risk of failure)
Confirm with . or Enter, or press ? or * to list all spells.
Flames lash Maggie.
Maggie's fire resistance burns away.
Malevolent energies surge around you.
Maggie suddenly stops moving! 😮 MP[-1]
You lost 1 mp, and now have 10/11 mp.
Casting: Scorch (safe; 7% risk of failure)
Confirm with . or Enter, or press ? or * to list all spells.
Flames lash Maggie but do no damage.
Malevolent energies surge around you. 😮 MP[-2]
You lost 2 mp, and now have 8/11 mp.
Casting: Scorch (safe; 7% risk of failure)
Confirm with . or Enter, or press ? or * to list all spells.
Flames lash Maggie.
Maggie is burned terribly!
Malevolent energies surge around you.
Maggie is no longer paralysed. 😮 HP[+1] MP[-2]
You lost 2 mp, and now have 6/11 mp.
Casting: Scorch (safe; 7% risk of failure)
Confirm with . or Enter, or press ? or * to list all spells.
Flames lash Maggie but do no damage.
Malevolent energies surge around you.
Maggie suddenly stops moving!
You flicker for a moment. 😮 MP[-2]
You lost 2 mp, and now have 4/11 mp.
Maggie is no longer paralysed.
Maggie is no longer more vulnerable to fire.
Maggie points at something and mumbles some strange words. 😮 HP[+1] MP[+1]
You flicker back into view. 😮 HP[+1] 😮 MP[+1] 😮 HP[+1] Maggie gestures at you while chanting.
The bolt of fire misses you.
Maggie mumbles some strange words.
Maggie attempts to bespell you!
You are mesmerised by Maggie!
You aren't carrying any items that you can evoke.
The air fills with toxic fumes!
As you read the scroll labelled SOT HICIGUEF, it crumbles to dust.
It was a scroll of poison. 😮 HP[+1] 😮 MP[+1] Maggie casts a spell.
Maggie draws you further into her thrall.
Casting: Scorch (safe; 7% risk of failure)
Confirm with . or Enter, or press ? or * to list all spells.
Flames lash Maggie.
Maggie's fire resistance burns away.
Malevolent energies surge around you.
Maggie gestures wildly while chanting.
Maggie draws you further into her thrall. 😮 HP[+1] MP[-2]
You lost 2 mp, and now have 5/11 mp.
Casting: Scorch (safe; 7% risk of failure)
Confirm with . or Enter, or press ? or * to list all spells.
Flames lash Maggie.
Maggie is burned terribly!
Malevolent energies surge around you.
Maggie casts a spell.
Maggie draws you further into her thrall. 😮 MP[-2]
You lost 2 mp, and now have 3/11 mp.
Casting: Scorch (safe; 7% risk of failure)
Confirm with . or Enter, or press ? or * to list all spells.
Flames lash Maggie but do no damage.
Malevolent energies surge around you.
Maggie points at you and mumbles some strange words.
The bolt of fire hits you!!
* * * LOW HITPOINT WARNING * * *
Maggie completely misses you. 😨 HP[-23] MP[-1]
You take 23 damage, and now have 18/60 hp.
MASSIVE DAMAGE!! (PAUSE)
You lost 1 mp, and now have 2/11 mp.
You hit Maggie but do no damage. Maggie closely misses you.
You hit Maggie but do no damage. You closely miss Maggie.
Maggie is no longer more vulnerable to fire.
Maggie hits you with a +0 war axe.
* * * LOW HITPOINT WARNING * * *
😨 HP[-2]
You take 2 damage, and now have 16/60 hp.
Casting: Scorch (safe; 7% risk of failure)
Confirm with . or Enter, or press ? or * to list all spells.
Flames lash Maggie.
Maggie's fire resistance burns away.
Malevolent energies surge around you. Maggie hits you with a +0 war axe!
You die...

Skill      XL: |  1  2  3  4  5  6  7 |
---------------+----------------------+-----
Unarmed Combat | 3 4 5 6 7 |  7.2
Fire Magic     | 1 3 4 |  4.0
Spellcasting   | 2 |  2.2
Fighting       | 4 |  4.1
Dodging        | |  2.6
Stealth        | |  1.7

Action                   |  1- 3 |  4- 6 |  7- 9 || total
-------------------------+-------+-------+-------++-------
Melee: Unarmed           |   146 |   124 |    75 ||   345
       Punch             |     5 |     4 |     2 ||    11
       Kick              |     3 |       |       ||     3
 Cast: Scorch            |       |    19 |    36 ||    55
  Use: Scroll            |     3 |     7 |     4 ||    14
       Potion            |       |       |     4 ||     4
 Stab: Sleeping          |     9 |     3 |     1 ||    13
       Paralysed         |       |     2 |       ||     2
       Distracted        |       |     1 |       ||     1
       Invisible         |       |       |     3 ||     3
Armor: Robe              |    31 |    33 |     8 ||    72
Dodge: Dodged            |    80 |   119 |    84 ||   283

Levels and vault maps discovered:
D:1:      psy_arrival_basics, layout_basic,
          hellmonk_ecumenical_altar_inner_sanctum
D:2:      layout_basic, minmay_surrounded
D:3:      layout_loops_ring, nemelex_spade_bored_becter, serial_bayou_lagoon_a,
          hangedman_decor_growths, uniq_crazy_yiuf_cottage
D:4:      layout_loops_ring, zin_angel, minmay_temple_entry_mini_moons,
          minmay_ogre_servants, uniq_blork_the_orc
D:5:      layout_gridville, minmay_misc_feat_rows
D:6:      layout_basic, nicolae_yredelemnul_ghost_church,
          minmay_manual_mandibuliform, uniq_grinder, uniq_maggie
Temple:   nicolae_temple_superstar

Notes
Turn   | Place    | Note
-------+----------+-------------------------------------------
     0 | D:1      | kae the Demonspawn Monk began the quest for the Orb.
     0 | D:1      | Reached XP level 1. HP: 18/18 MP: 1/1
     0 | D:1      | magus.rc [v1.11.3]
    37 | D:1      | You pick up a book of Scorching and begin reading...
    37 | D:1      | You add the spells Scorch, Flame Wave and Summon Cactus
                  | Giant to your library.
   163 | D:1      | Reached skill level 3 in Unarmed Combat
   247 | D:1      | Found a faded altar of an unknown god.
   311 | D:1      | Gained mutation: You have large cloven feet. [demonic
                  | ancestry]
   311 | D:1      | Reached XP level 2. HP: 24/24 MP: 2/2
   343 | D:1      | HP: 4/24 [hobgoblin (3)]
   911 | D:1      | You pick up a book of Vapours and begin reading...
   911 | D:1      | You add the spells Poisonous Vapours and Corpse Rot to your
                  | library.
  1535 | D:2      | Gained mutation: Spells you cast may paralyse adjacent
                  | enemies. [demonic ancestry]
  1535 | D:2      | Reached XP level 3. HP: 29/29 MP: 3/3
  1618 | D:2      | Reached skill level 4 in Unarmed Combat
  2217 | D:2      | Learned a level 2 spell: Scorch
  2652 | D:3      | Reached XP level 4. HP: 35/35 MP: 4/4
  2913 | D:3      | Identified the +0 cloak of the Aged Visions {Harm Int+3}
  2940 | D:3      | Reached skill level 1 in Fire Magic
  3042 | D:3      | Found a runed translucent door.
  3043 | D:3      | Noticed Crazy Yiuf
  3203 | D:3      | Found a sparkling altar of Nemelex Xobeh.
  3652 | D:4      | Noticed Blork the orc
  3730 | D:3      | Gained mutation: A weak demonic guardian rushes to your
                  | aid. [demonic ancestry]
  3730 | D:3      | Reached XP level 5. HP: 32/41 MP: 5/5
  3861 | D:3      | Reached skill level 2 in Fire Magic
  3863 | D:3      | Reached skill level 5 in Unarmed Combat
  4182 | D:4      | Found a staircase to the Ecumenical Temple.
  4194 | Temple   | Entered the Ecumenical Temple
  4287 | Temple   | Became a worshipper of Ru the Awakened
  4371 | D:4      | Killed Blork the orc
  4802 | D:4      | Noticed an ogre
  5152 | D:4      | Noticed an angel
  5217 | D:4      | Killed an ogre
  5218 | D:4      | Reached skill level 3 in Fire Magic
  5218 | D:4      | Gained mutation: Spells you cast may paralyse nearby
                  | enemies. [demonic ancestry]
  5218 | D:4      | Reached XP level 6. HP: 16/47 MP: 0/6
  5519 | D:5      | Entered Level 5 of the Dungeon
  5813 | D:4      | HP: 5/47 [gnoll/+0 spear[a gnoll bouda] (7)]
  6102 | D:4      | Reached skill level 6 in Unarmed Combat
  6153 | D:5      | Reached XP level 7. HP: 52/52 MP: 1/7
  6331 | D:5      | You pick up a book of Frost and begin reading...
  6331 | D:5      | You add the spells Freeze, Frozen Ramparts and Hailstorm to
                  | your library.
  6351 | D:5      | Reached skill level 4 in Fire Magic
  6814 | D:5      | Reached skill level 1 in Spellcasting
  7424 | D:5      | Identified the +1 cloak "Siogajuh" {Rampage +Inv}
  7848 | D:6      | Reached skill level 7 in Unarmed Combat
  7851 | D:6      | Reached skill level 4 in Fighting
  7851 | D:6      | Reached skill level 2 in Spellcasting
  7851 | D:6      | Gained mutation: Spells you cast and wands you use may
                  | paralyse nearby enemies. [demonic ancestry]
  7851 | D:6      | Reached XP level 8. HP: 42/60 MP: 5/11
  7966 | D:6      | Noticed Maggie
  7995 | D:6      | HP: 6/60 [Maggie/+0 war axe (14)]
  8037 | D:6      | Slain by Maggie

Vanquished Creatures
  A black bear (D:4)
  Blork the orc (D:4)
  A kobold brigand (D:6)
  A necrophage (D:5)
  2 scorpions (D:6)
  A hound (D:5)
  A gnoll bouda (D:4)
  2 orc priests (D:3)
  4 iguanas (D:5)
  5 gnolls
  9 adders
  A shadow imp (D:6)
  5 dart slugs
  2 orcs
  4 endoplasms
  2 giant cockroaches
  18 goblins
  11 hobgoblins
  7 quokkas
  4 ball pythons
  6 bats
  4 frilled lizards
  5 kobolds
  5 rats
102 creatures vanquished.

Vanquished Creatures (collateral kills)
  An ogre (D:4)
  A phantom (D:5)
  A scorpion (D:6)
  6 kobolds
9 creatures vanquished.

Vanquished Creatures (others)
  2 plants (D:3)
2 creatures vanquished.

Grand Total: 113 creatures vanquished

Table legend:
 A = Non-vault XP
 B = Vault XP
 C = Vault XP percentage of total XP
 D = Non-vault monster count
 E = Vault monster count
 F = Vault count percentage of total count
                 A         B        C        D         E       F
            +---------+---------+-------+---------+---------+-------
      Total |    1330 |     233 |  14.9 |      97 |      14 |  12.6
            +---------+---------+-------+---------+---------+-------
        D:1 |      33 |       0 |   0.0 |      21 |       0 |   0.0
        D:2 |      54 |       6 |  10.0 |      19 |       4 |  17.4
        D:3 |     154 |       0 |   0.0 |      22 |       0 |   0.0
        D:4 |     251 |     227 |  47.5 |      11 |      10 |  47.6
        D:5 |     439 |       0 |   0.0 |      11 |       0 |   0.0
        D:6 |     399 |       0 |   0.0 |      13 |       0 |   0.0
            +---------+---------+-------+---------+---------+-------

Illustrated notes

Table legend:
 A = Kills in this place as a percentage of kills in entire the game.
 B = Kills by you in this place as a percentage of kills by you in the entire game.
 C = Kills by friends in this place as a percentage of kills by friends in the entire game.
 D = Other kills in this place as a percentage of other kills in the entire game.
 E = Experience gained in this place as a percentage of experience gained in the entire game.
 F = Experience gained in this place divided by the number of levels of this place that you have seen.
                   A       B       C       D       E      F
               +-------+-------+-------+-------+-------+----------------------
         Total | 100.0 | 100.0 | 100.0 |   N/A | 100.0 | 223.3
       Dungeon | 100.0 | 100.0 | 100.0 |   N/A | 100.0 | 260.5
               +-------+-------+-------+-------+-------+----------------------

Table legend: (Time is in decaauts)
 A = Elapsed time spent in this place.
 B = Non-inter-level travel time spent in this place.
 C = Inter-level travel time spent in this place.
 D = Time resting spent in this place.
 E = Time spent auto-exploring this place.
 F = Levels seen in this place.
 G = Mean time per level.
                   A        B        C        D        E       F      G
               +--------+--------+--------+--------+--------+-----+--------+
         Total |   8022 |   7704 |    318 |    936 |   5764 |   7 | 1146.0 |
       Dungeon |   7916 |   7613 |    303 |    936 |   5691 |   6 | 1319.3 |
        Temple |    105 |     90 |     15 |      0 |     73 |   1 |  105.0 |
               +--------+--------+--------+--------+--------+-----+--------+

Top non-repeatable levels by time:
     D:4: 1768 daAuts
     D:3: 1650 daAuts
     D:1: 1482 daAuts
     D:5: 1351 daAuts
     D:2: 1125 daAuts
     D:6: 538 daAuts
  Temple: 105 daAuts
